 Dungeon Crawl Stone Soup version 0.29.1-12-g30fa7ad0bf (webtiles) character file.

Game seed: 3622759979115288503

17872 fishmans the Severer (level 12, 0/90 HPs)
             Began as a Minotaur Fighter on Jan 9, 2023.
             Was an Elder of Trog.
             Killed by divine providence
             ... invoked by a balrug
              (13 damage)
             ... on level 1 of the Abyss.
             The game lasted 01:03:22 (17428 turns).

fishmans the Severer (Minotaur Fighter)            Turns: 17428, Time: 01:03:22

Health: 0/90       AC: 19    Str: 23      XL:     12   Next: 22%
Magic:  11/11      EV: 10    Int:  7      God:    Trog [****..]
Gold:   325        SH:  5    Dex: 16 (17) Spells: 11/11 levels left

rFire   . . .      SeeInvis .   d - +0 battleaxe
rCold   + . .      Faith    .   (shield currently unavailable)
rNeg    . . .      Spirit   .   D - +0 plate armour
rPois   +          Reflect  +   (helmet restricted)
rElec   .          Harm     .   (no cloak)
rCorr   .          Rampage  .   n - +0 pair of gloves
Will    .....                   K - +3 pair of mountain boots {steadfast, rC+}
Stlth   ..........              H - amulet of reflection
HPRegen 0.25/turn               e - +6 ring of dexterity
MPRegen 0.12/turn               h - ring of poison resistance

@: no status effects
A: horns 2, retaliatory headbutt
a: Renounce Religion, Berserk, Trog's Hand, Brothers in Arms


You were on level 1 of the Abyss.
You worshipped Trog.
Trog was greatly pleased with you.
You visited 2 branches of the dungeon, and saw 11 of its levels.
You visited the Abyss 1 time.
You also visited: Sewer.

You collected 727 gold pieces.
You spent 402 gold pieces at shops.

Inventory:

Hand Weapons
 a - a +1 war axe
 d - a +0 battleaxe (weapon)
Missiles
 u - 3 atropa-tipped darts
 w - 20 poisoned darts (quivered)
Armour
 n - a +0 pair of gloves (worn)
 D - a +0 plate armour (worn)
 K - the +3 pair of mountain boots (worn) {steadfast, rC+}
   (You bought it in a shop on level 9 of the Dungeon)

   It prevents involuntary movement, except for blinking, teleportation, or
   banishment.
   rC:        It protects you from cold.
Jewellery
 e - a +6 ring of dexterity (left hand)
 f - a +6 ring of dexterity
 h - a ring of poison resistance (right hand)
 r - a +4 ring of evasion
 t - an amulet of magic regeneration
 y - a ring of flight
 H - an amulet of reflection (around neck)
Wands
 v - a wand of iceblast (10)
 I - a wand of flame (10)
 M - a wand of acid (3)
Scrolls
 b - a scroll of summoning
 i - 3 scrolls of teleportation
 o - 3 scrolls of enchant armour
 q - 2 scrolls of fog
 E - 2 scrolls of silence
 F - 2 scrolls of blinking
 G - a scroll of magic mapping
 J - a scroll of poison
 L - 2 scrolls of identify
Potions
 c - a potion of berserk rage {unknown}
 g - 4 potions of curing
 j - a potion of magic
 k - a potion of ambrosia
 l - 2 potions of mutation
 m - 3 potions of attraction {unknown}
 p - a potion of degeneration {unknown}
 x - 2 potions of lignification {unknown}
 z - 2 potions of resistance
 A - a potion of brilliance
 B - a potion of cancellation {unknown}
 C - a potion of haste {unknown}


   Skills:
 - Level 3.6 Fighting
 - Level 20.4 Axes
 - Level 2.1 Throwing
 + Level 8.7 Armour
 + Level 7.0 Dodging
 - Level 4.5 Shields


You had 11 spell levels left.
You didn't know any spells.
Your spell library contained the following spells:

 Spells                   Type           Power      Damage    Failure   Level
 Apportation              Tloc           0%         N/A       99%         1
 Necrotise                Necr           0%         1d4       99%         1
 Summon Small Mammal      Summ           0%         N/A       99%         1
 Alistair's Intoxication  Tmut/Pois      0%         N/A       100%        5


Dungeon Overview and Level Annotations

Branches:
Dungeon (9/15)             Temple (0/1) D:4            Lair (2/5) D:8
    Orc (0/2) D:9           Sewer (visited)
  Swamp: Lair:2-3    Shoals: Lair:2-3     Snake: Lair:2-3    Spider: Lair:2-3

Altars:
Dithmenos
Kikubaaqudgha
Okawaru
Ru
Sif Muna
Trog
Wu Jian
The Shining One

Shops:
D:4 (   D:9 *

Annotations:
D:6 2 transporters, nshep25's ghost, novice MiFi
Lair:2 Sonja


Innate Abilities, Weirdness & Mutations

You have a pair of horns on your head.
You reflexively headbutt those who attack you in melee.


Message History

Tentacles burst from the starspawn's body! 2 starspawn tentacles come into view.
The balrug shouts!
You hear a shout!
The balrug gestures at you. Something smites you!
The starspawn tentacle closely misses you.
You furiously retaliate!
You headbutt the starspawn tentacle!
The starspawn tentacle closely misses you.
You furiously retaliate!
You headbutt the starspawn tentacle!
A sun demon comes into view.
The starspawn tentacle barely misses you.
You furiously retaliate!
You headbutt the starspawn tentacle, but do no damage.
A sun demon comes into view.
The balrug gestures at you. The bolt of fire hits you!!
A sun demon comes into view.
The balrug attacks as you move away! The balrug hits you but does no damage.
A sun demon comes into view.
The sun demon shouts! x2
You block the sun demon's attack.
Tentacles burst from the starspawn's body! 2 starspawn tentacles come into view.
The balrug attacks as you move away!
The balrug hits you with a +0 demon whip of flaming!
You are engulfed in flames!
The balrug burns you. The sun demon completely misses you.
You block the balrug's attack. The sun demon attacks as you move away!
The sun demon hits you but does no damage.
A tentacle flies out from the starspawn's body!
A starspawn tentacle comes into view.
The sun demon attacks as you move away! The sun demon hits you.
* * * LOW HITPOINT WARNING * * *
You are engulfed in flames!
* * * LOW HITPOINT WARNING * * *
The sun demon attacks as you move away!
The sun demon hits you but does no damage.
The balrug gestures at you. Something smites you!
You die...

. ....... .#.
...... #ยง..
..... ..
#...###...###..
#..#.#.....#...
...............
...............
#......@.......
####.#.33..#...
#### ##3..## .
....#.2...#...
####...wx3.....
.....w/........
####.X.........
#....#.....#...
###.###...###..


You could see a tentacled starspawn, a balrug, 4 sun demons, a small abomination
and 2 starspawn tentacles.

Vanquished Creatures
  A hydra (Lair:1)
  An ogre mage (D:9)
  An ugly thing (D:9)
  5 cane toads
  Maggie (D:7)
  Psyche (D:9)
  A freezing wraith (D:8)
  A rime drake (Lair:2)
  A komodo dragon (Lair:1)
  2 kobold demonologists (D:9)
  An ancient zyme (Abyss:1)
  A wind drake (shapeshifter) (D:9)
  5 blink frogs
  A slime creature (D:9)
  A wraith (D:5)
  A spriggan (Lair:1)
  32 yaks
  A hog (shapeshifter) (D:9)
  2 basilisks
  3 steam dragons
  8 water moccasins
  A sky beast (D:7)
  8 orc warriors
  An ice beast (D:5)
  5 black bears
  An ogre (D:7)
  10 wolves (Lair:1)
  3 centaurs
  3 phantoms
  3 kobold brigands
  9 bullfrogs
  A gnoll sergeant (D:9)
  A scorpion (D:4)
  3 wights
  A howler monkey (D:7)
  A quasit (Abyss:1)
  2 gnoll boudas
  A jelly (D:5)
  9 orc priests
  3 hounds
  Jessica (D:3)
  2 iguanas
  9 orc wizards
  A hell rat (Sewer)
  25 gnolls
  7 adders
  2 river rats
  A shadow imp (D:7)
  An ufetubus (D:6)
  3 worms
  4 dart slugs
  37 orcs
  6 ball pythons
  3 endoplasms
  2 giant cockroaches
  8 goblins
  A hobgoblin (D:2)
  6 jackals (D:1)
  18 kobolds
  5 quokkas
  9 bats
  2 frilled lizards
  7 rats
297 creatures vanquished.

Vanquished Creatures (others)
  17 fungi
  28 plants
  13 starspawn tentacles (Abyss:1)
58 creatures vanquished.

Grand Total: 355 creatures vanquished

Notes
Turn   | Place    | Note
-------+----------+-------------------------------------------
     0 | D:1      | fishmans the Minotaur Fighter began the quest for the Orb.
     0 | D:1      | Reached XP level 1. HP: 19/19 MP: 0/0
   111 | D:1      | Reached skill level 3 in Axes
   138 | D:1      | Reached XP level 2. HP: 25/26 MP: 1/1
   629 | D:1      | Reached skill level 4 in Axes
   939 | D:2      | Found a faded altar of an unknown god.
  1026 | D:2      | Reached XP level 3. HP: 31/31 MP: 2/2
  1123 | D:2      | Found a glowing golden altar of the Shining One.
  1504 | D:3      | Found a shimmering blue altar of Sif Muna.
  1519 | D:3      | Reached skill level 5 in Axes
  1519 | D:3      | Reached XP level 4. HP: 27/39 MP: 3/3
  1726 | D:3      | Noticed Jessica
  1743 | D:3      | Killed Jessica
  1862 | D:3      | Reached skill level 6 in Axes
  1910 | D:3      | Found a glowing drain.
  1921 | Sewer    | Entered a sewer
  1960 | Sewer    | Reached XP level 5. HP: 42/45 MP: 4/4
  2611 | D:3      | Reached skill level 7 in Axes
  3804 | D:4      | Noticed a phantom
  3871 | D:3      | Reached XP level 6. HP: 46/51 MP: 5/5
  3921 | D:3      | Reached skill level 8 in Axes
  4004 | D:4      | Found Atamie's Weapon Boutique.
  4084 | D:4      | Reached skill level 9 in Axes
  4096 | D:4      | Reached XP level 7. HP: 57/57 MP: 6/6
  4170 | D:4      | Found a bloodstained altar of Trog.
  4278 | D:4      | Became a worshipper of Trog the Wrathful
  4460 | D:4      | Found a staircase to the Ecumenical Temple.
  4653 | D:5      | Entered Level 5 of the Dungeon
  4664 | D:4      | Reached skill level 10 in Axes
  4744 | D:5      | Found an ornate altar of the Wu Jian Council.
  4748 | D:5      | Found a sacrificial altar of Ru.
  4906 | D:5      | Reached skill level 11 in Axes
  5026 | D:5      | Reached XP level 8. HP: 64/64 MP: 7/7
  5241 | D:5      | Reached skill level 12 in Axes
  5864 | D:5      | Reached * piety under Trog
  6017 | D:5      | Reached skill level 13 in Axes
  7118 | D:6      | Noticed a queen bee
  7126 | D:6      | Noticed a hornet
  7154 | D:6      | Noticed nshep25's ghost (novice MiFi)
  7193 | D:6      | Reached skill level 14 in Axes
  7193 | D:6      | Reached XP level 9. HP: 69/70 MP: 8/8
  7462 | D:6      | Found a transporter.
  7469 | D:6      | Found a transporter.
  7652 | D:5      | Found a shadowy altar of Dithmenos.
  7652 | D:5      | Found an ancient bone altar of Kikubaaqudgha.
  7687 | D:7      | Noticed Maggie
  8087 | D:7      | Reached skill level 15 in Axes
  8128 | D:7      | Killed Maggie
  8454 | D:7      | Reached skill level 16 in Axes
  8847 | D:8      | Reached skill level 1 in Dodging
  9137 | D:7      | Reached ** piety under Trog
  9169 | D:8      | Reached skill level 1 in Throwing
  9571 | D:8      | Reached XP level 10. HP: 34/77 MP: 9/9
  9802 | D:8      | Reached skill level 5 in Armour
 10947 | D:8      | Found a staircase to the Lair.
 11155 | D:9      | Noticed a two-headed ogre
 11155 | D:9      | Found a staircase to the Orcish Mines.
 11393 | D:9      | Noticed Psyche
 11408 | D:9      | Killed Psyche
 11433 | D:9      | Found an iron altar of Okawaru.
 11484 | D:9      | Reached skill level 17 in Axes
 11994 | D:9      | Found Onot's General Store.
 12110 | D:9      | Noticed a rust devil
 12278 | D:9      | Reached skill level 18 in Axes
 12366 | D:9      | Reached *** piety under Trog
 12391 | D:9      | Reached XP level 11. HP: 46/82 MP: 10/10
 12889 | D:9      | Found a runed translucent door.
 13084 | D:9      | Noticed a brown ugly thing
 13090 | D:9      | Killed a brown ugly thing
 13091 | D:9      | Reached skill level 19 in Axes
 13226 | D:9      | Noticed an ogre mage
 13527 | Lair:1   | Entered Level 1 of the Lair of Beasts
 14108 | Lair:1   | Reached skill level 20 in Axes
 14287 | Lair:1   | Reached **** piety under Trog
 14827 | D:9      | Paralysed by an ogre mage for 4 turns
 14949 | D:9      | Killed an ogre mage
 15086 | D:9      | Bought the +3 pair of mountain boots {steadfast, rC+} for
                  | 402 gold pieces
 15086 | D:9      | Found the +3 pair of mountain boots {steadfast, rC+}
 15365 | D:8      | Reached skill level 5 in Dodging
 15812 | Lair:1   | Noticed an eight-headed hydra
 15849 | Lair:1   | Killed a 13-headed hydra
 15850 | Lair:1   | Reached XP level 12. HP: 69/90 MP: 11/11
 16723 | Lair:2   | Noticed Sonja
 17148 | Abyss:1  | Cast into level 1 of the Abyss (Sonja)
 17160 | Abyss:1  | Found a corrupted altar of Lugonu.
 17233 | Abyss:1  | Noticed a starcursed mass
 17243 | Abyss:1  | Noticed a tentacled starspawn
 17396 | Abyss:1  | Noticed a tentacled starspawn
 17417 | Abyss:1  | Noticed a balrug
 17428 | Abyss:1  | Killed from afar by a balrug

Illustrated notes

Levels and vault maps discovered:
D:1:      lightli_arrival_noodles, layout_basic, grunt_decor_arrowhead
D:2:      layout_rooms, basic_altar, chequers_ecumenical_altar_island
D:3:      layout_basic, mainiacjoe_overflow_cross_hatched, serial_glass,
          glass_columns_b, glass_columns_a, item_on_display_a,
          minmay_strange_pillars, gup_sewer_entry_spiral,
          minmay_fractal_squares_gapless_5, uniq_jessica
D:4:      layout_basic, mainiacjoe_overflow_small_starburst,
          minmay_temple_entry_large_hall, serial_shops, shop_fountains,
          minmay_distorted
D:5:      layout_basic, nicolae_overflow_hidden_temple
D:6:      layout_cave_pools, gammafunk_ghost_hive
D:7:      layout_rooms, uniq_maggie
D:8:      layout_basic, grunt_lair_entry_orc_guard_hut,
          chequers_serial_rivers_micro_d, hangedman_abyss_or_decor_stagger
D:9:      layout_rooms, okawaru_trees_1, david_orc_3, serial_shops, shop,
          minmay_misc_feat_x, minivault_13, uniq_psyche
Lair:1:   layout_regular_city, grunt_forest_large_clearing_hut
Lair:2:   layout_misc_corridors, minmay_swamp_entry_worms,
          spider_nest_entry_web_field, grunt_megastairs_4, uniq_sonja
Abyss:1:  base: D:2, evilmike_abyss_exit_6, evilmike_abyss_exit_6,
          gammafunk_abyss_exit_x_factor, hangedman_abyss_overflow_altar

Skill      XL: |  1  2  3  4  5  6  7  8  9 10 11 12 |
---------------+-------------------------------------+-----
Axes           | 3 4 5 6 7 9 11 14 16 18 20 | 20.4
Dodging        | 2 3 5 7 |  7.0
Armour         | 4 5 7 8 |  8.7
Throwing       | 1 2 |  2.1
Shields        | 4 |  4.5
Fighting       | |  3.6

Action                   |  1- 3 |  4- 6 |  7- 9 | 10-12 || total
-------------------------+-------+-------+-------+-------++-------
Melee: War axe           |    89 |   103 |   302 |       ||   494
       Headbutt          |     7 |    16 |    61 |   119 ||   203
       Battleaxe         |       |       |    16 |   469 ||   485
Throw: Dart              |       |       |       |    13 ||    13
Invok: Berserk           |       |       |     4 |     2 ||     6
       Trog's Hand       |       |       |     1 |     7 ||     8
Evoke: Wand              |       |       |       |     5 ||     5
  Use: Scroll            |     4 |     7 |     6 |     2 ||    19
       Potion            |       |     1 |     1 |     6 ||     8
Armor: Scale mail        |    40 |    31 |    78 |       ||   149
       Chain mail        |       |       |    48 |       ||    48
       Plate armour      |       |       |     3 |   204 ||   207
Dodge: Dodged            |    43 |    38 |   109 |   147 ||   337
Block: Buckler           |    16 |    20 |    52 |       ||    88
       Other             |       |       |       |    40 ||    40
